 Dungeon Crawl Stone Soup version 0.25-a0-786-g5b70d41e48 (webtiles) character file.

Game seed: 6515305963041805229, levelgen mode: deterministic

1019632 Maedhros the Hoplite (level 27, -8/223 HPs)
             Began as an Octopode Fighter on Apr 17, 2020.
             Was a High Priest of Cheibriados.
             Killed from afar by a titan (16 damage)
             ... with a bolt of lightning
             ... in Pandemonium on Apr 18, 2020.
             The game lasted 05:27:13 (37016 turns).

Maedhros the Hoplite (Octopode Fighter)            Turns: 37016, Time: 05:27:13

Health: -8/223     AC: 36    Str: 38 (39) XL:     27
Magic:  17/53      EV: 36    Int: 35 (36) God:    Cheibriados [*****.]
Gold:   6841       SH: 34    Dex: 31      Spells: 7/70 levels left

rFire    + + +     SeeInvis +     - Unarmed
rCold    + + +     Gourm    .   J - +5 tower shield of the Trees {Str+4}
rNeg     + + +     Faith    .   F - +2 hood of the Assassin {Detection Stab+ Stlth++}
rPois    ∞         Spirit   .   Q - amulet of the Foremost Princes {Fragile +Fly rPois rC+ Regen+ SInv}
rElec    +         Reflect  .   E - ring "Vefialipt" {Wiz rN+ MR+++ Dex-3}
rCorr    +         Harm     .   Z - ring "Huse" {rF+ MR+ AC+3 Str+5 Dex-5}
MR       +++++                  P - ring "Raerphyre" {rElec rCorr Str-2 Int+5 Dex+3}
Stlth    +++++++++.             I - ring of protection from cold
HPRegen  0.87/turn              l - ring "Xachelar" {rPois rN+ Dex+7}
MPRegen  0.33/turn              j - ring of Cemit {rF++ MR- MP+9 Int+3 Slay+3}
                                x - +3 ring of evasion
                                k - ring of Beauty {rC+ Str+3}

@: statue-form, very slow
A: almost no armour, stealthy swim, amphibious, 8 rings, constrict 8, camouflage
1, deterioration 1, frail 1, low mp 1, mutation resistance 1
}: 11/15 runes: barnacled, slimy, silver, iron, obsidian, icy, bone, abyssal,
demonic, glowing, gossamer
a: End Transformation, Bend Time, Temporal Distortion, Slouch, Step From Time,
Renounce Religion, Evoke Flight


You were in Pandemonium.
You worshipped Cheibriados.
Cheibriados was extremely pleased with you.
You were full.
You were a stone statue.
You visited 15 branches of the dungeon, and saw 78 of its levels.
You visited Pandemonium 2 times, and saw 11 of its levels.
You visited the Abyss 1 time.
You visited 1 bazaar.
You also visited: Sewer, Ossuary and Wizlab.

You collected 9919 gold pieces.
You spent 3078 gold pieces at shops.

Inventory:

Hand Weapons
 d - the +7 sceptre of Torment {pain, torment}
   (You found it on level 3 of the Crypt)

   In the hands of one skilled in necromantic magic, it inflicts extra damage on
   living creatures.
 A - the +8 double sword "Xeoremil" {antimagic, +Rage rC++ Str+4 Stlth-}
   (You acquired it on level 3 of the Shoals)

   It reduces the magical energy of the wielder, and disrupts the spells and
   magical abilities of those hit.
   Natural abilities and divine invocations are not affected.
   It affects your strength (+4).
   It greatly protects you from cold.
   It lets you go berserk.
   It makes you less stealthy.
Missiles
 b - 32 javelins
 z - 10 throwing nets
 K - 702 arrows
 T - 15 curare-tipped darts (quivered)
Armour
 F - the +2 hood of the Assassin (worn) {Detection Stab+ Stlth++}
   (You bought it in a shop on level 3 of the Shoals)

   It makes you much more stealthy.
 J - the +5 tower shield of the Trees (worn) {Str+4}
   (You found it on level 13 of the Dungeon)

   It affects your strength (+4).
Jewellery
 j - the ring of Cemit (on tentacle) {rF++ MR- MP+9 Int+3 Slay+3}
   (You bought it in a shop on level 7 of the Dungeon)

   [ring of slaying]

   It affects your intelligence (+3).
   It affects your accuracy and damage with ranged weapons and melee attacks
   (+3).
   It greatly protects you from fire.
   It affects your resistance to hostile enchantments.
   It affects your magic capacity (+9).
 k - the ring of Beauty (on tentacle) {rC+ Str+3}
   (You took it off an orc knight on level 5 of the Vaults)

   [ring of protection from cold]

   It affects your strength (+3).
   It protects you from cold.
 l - the ring "Xachelar" (on tentacle) {rPois rN+ Dex+7}
   (You found it on level 3 of the Crypt)

   [ring of positive energy]

   It affects your dexterity (+7).
   It protects you from poison.
   It protects you from negative energy.
 o - the amulet of Xadghon {RegenMP +Blink MR++}
   (You found it on level 7 of Tartarus)

   [amulet of magic regeneration]

   It increases your magic regeneration.
   It affects your resistance to hostile enchantments.
   It lets you blink.
 w - an uncursed ring of wizardry
 x - a +3 ring of evasion (on tentacle)
 E - the ring "Vefialipt" (left tentacle) {Wiz rN+ MR+++ Dex-3}
   (You found it on level 2 of the Depths)

   [ring of wizardry]

   It improves your spell success rate.
   It affects your dexterity (-3).
   It protects you from negative energy.
   It affects your resistance to hostile enchantments.
 I - a ring of protection from cold (on tentacle)
 N - the ring of Fideklae {rN+ Str+4}
   (You found it on level 3 of the Crypt)

   [ring of positive energy]

   It affects your strength (+4).
   It protects you from negative energy.
 P - the ring "Raerphyre" (on tentacle) {rElec rCorr Str-2 Int+5 Dex+3}
   (You found it on level 2 of the Depths)

   [ring of resist corrosion]

   It affects your strength (-2).
   It affects your intelligence (+5).
   It affects your dexterity (+3).
   It insulates you from electricity.
   It provides partial protection from all sources of acid and corrosion.
 Q - the amulet of the Foremost Princes (around mantle) {Fragile +Fly rPois rC+ Regen+ SInv}
   (You found it on level 3 of the Crypt)

   [amulet of regeneration]

   It protects you from cold.
   It protects you from poison.
   It lets you see invisible.
   It lets you fly.
   It increases your rate of regeneration.
   It will be destroyed if unequipped.
 Z - the ring "Huse" (right tentacle) {rF+ MR+ AC+3 Str+5 Dex-5}
   (You found it on level 7 of the Iron City of Dis)

   [ring of protection]

   It affects your AC (+3).
   It affects your strength (+5).
   It affects your dexterity (-5).
   It protects you from fire.
   It affects your resistance to hostile enchantments.
Wands
 a - a wand of iceblast (57)
 g - a wand of clouds (3)
 Y - a wand of acid (19)
Scrolls
 e - 13 scrolls of identify
 i - 10 scrolls of fog
 p - 3 scrolls of remove curse
 r - 6 scrolls of fear
 s - 5 scrolls of magic mapping
 t - a scroll of blinking
 u - 5 scrolls of teleportation
 y - a scroll of summoning
 D - 9 scrolls of enchant armour
 X - a scroll of holy word
Potions
 c - 9 potions of might
 m - 5 potions of magic
 q - 5 potions of cancellation
 G - 8 potions of ambrosia
 H - 5 potions of mutation
 M - 2 potions of resistance
 R - 3 potions of curing
 V - 3 potions of invisibility
Miscellaneous
 n - 5 phantom mirrors
 v - 5 tins of tremorstones
 O - a phial of floods
 U - a lightning rod (4/4)
 W - 5 boxes of beasts
Comestibles
 B - 13 rations


   Skills:
 - Level 17.0 Fighting
   Level 6.0 Polearms
 - Level 18.3 Dodging
 - Level 8.0 Stealth
 - Level 23.6 Shields
 - Level 20.0 Unarmed Combat
 - Level 22.0 Spellcasting
 - Level 11.0 Hexes
 - Level 10.8 Summonings
 - Level 4.3 Necromancy
 - Level 14.1 Translocations
 - Level 11.1 Transmutations
 * Level 21.7 Air Magic
 - Level 12.0 Earth Magic
 - Level 13.8 Invocations
 - Level 9.1 Evocations


You had 7 spell levels left.
You knew the following spells:

 Your Spells              Type           Power        Failure   Level  Hunger
a - Apportation           Tloc           ######       0%          1    None
b - Tornado               Air            ########..   4%          9    #####..
c - Summon Lightning Spi  Summ/Air       ########     0%          4    None
e - Statue Form           Tmut/Erth      #######..    1%          6    None
f - Inner Flame           Hex/Fire       ######..     1%          3    None
g - Animate Dead          Necr           N/A          1%          4    None
h - Passwall              Tmut/Erth      #######.     0%          2    None
i - Summon Forest         Summ/Tloc      #######...   1%          5    None
j - Blink                 Tloc           N/A          0%          2    None
k - Passage of Golubria   Tloc           N/A          1%          4    None
l - Summon Mana Viper     Hex/Summ       #######.     1%          5    None
m - Malign Gateway        Summ/Tloc      #######...   1%          7    None
n - Aura of Abjuration    Summ           #######...   1%          5    None
o - Darkness              Hex            #######...   1%          6    None

Your spell library contained the following spells:

 Spells                   Type           Power        Failure   Level  Hunger
 Beastly Appendage        Tmut           ######       0%          1    None
 Corona                   Hex            #######      0%          1    None
 Sandblast                Erth           ######       0%          1    None
 Shock                    Conj/Air       ####         0%          1    None
 Summon Butterflies       Summ           #######.     0%          1    None
 Summon Small Mammal      Summ           ####         0%          1    None
 Call Imp                 Summ           #######.     0%          2    None
 Corpse Rot               Necr/Air       N/A          0%          2    None
 Poisonous Vapours        Pois/Air       ######       0%          2    None
 Slow                     Hex            #######.     0%          2    None
 Sticks to Snakes         Tmut           #######.     0%          2    None
 Swiftness                Chrm/Air       #######.     0%          2    None
 Gell's Gravitas          Tloc           #######...   0%          3    None
 Lesser Beckoning         Tloc           #######...   0%          3    None
 Portal Projectile        Hex/Tloc       ######       0%          3    None
 Recall                   Summ/Tloc      N/A          0%          3    None
 Teleport Other           Tloc           #######.     0%          3    None
 Animate Skeleton         Necr           N/A          1%          1    None
 Foxfire                  Conj/Fire      ####         1%          1    None
 Freeze                   Ice            ####         1%          1    None
 Infusion                 Chrm           ####         1%          1    None
 Magic Dart               Conj           ####         1%          1    None
 Pain                     Necr           ####         1%          1    None
 Ensorcelled Hibernation  Hex/Ice        ######       1%          2    None
 Searing Ray              Conj           #####.       1%          2    None
 Shroud of Golubria       Chrm/Tloc      ######       1%          2    None
 Song of Slaying          Chrm           #####...     1%          2    None
 Sublimation of Blood     Necr           ######....   1%          2    None
 Call Canine Familiar     Summ           #######.     1%          3    None
 Confusing Touch          Hex            #######.     1%          3    None
 Conjure Flame            Conj/Fire      #####...     1%          3    None
 Dazzling Flash           Conj/Hex       ######       1%          3    None
 Frozen Ramparts          Ice            #####.       1%          3    None
 Ignite Poison            Fire/Tmut/Pois ######..     1%          3    None
 Mephitic Cloud           Conj/Pois/Air  ######..     1%          3    None
 Ozocubu's Armour         Chrm/Ice       #####...     1%          3    None
 Spectral Weapon          Hex/Chrm       ######..     1%          3    None
 Spider Form              Tmut/Pois      ######....   1%          3    None
 Stone Arrow              Conj/Erth      ######       1%          3    None
 Summon Guardian Golem    Hex/Summ       #######.     1%          3    None
 Tukima's Dance           Hex            #######.     1%          3    None
 Vampiric Draining        Necr           ######....   1%          3    None
 Dispel Undead            Necr           ######..     1%          4    None
 Fulminant Prism          Conj/Hex       ######....   1%          4    None
 Ice Form                 Ice/Tmut       ######..     1%          4    None
 Iskenderun's Mystic Bla  Conj/Tloc      ######..     1%          4    None
 Leda's Liquefaction      Hex/Erth       #######...   1%          4    None
 Petrify                  Tmut/Erth      #######.     1%          4    None
 Summon Ice Beast         Ice/Summ       ######..     1%          4    None
 Agony                    Necr           ######..     1%          5    None
 Alistair's Intoxication  Tmut/Pois      ######..     1%          5    None
 Blade Hands              Tmut           #######...   1%          5    None
 Bolt of Magma            Conj/Fire/Erth ######....   1%          5    None
 Borgnjor's Vile Clutch   Necr/Erth      #######...   1%          5    None
 Irradiate                Conj/Tmut      ######....   1%          5    None
 Lee's Rapid Deconstruct  Erth           #######...   1%          5    None
 Metabolic Englaciation   Hex/Ice        ######....   1%          5    None
 Silence                  Hex/Air        ########..   1%          5    None
 Summon Demon             Summ           #######...   1%          5    None
 Dispersal                Tloc           #######...   1%          6    None
 Hydra Form               Tmut           #######...   1%          6    None
 Invisibility             Hex            #######.     1%          6    None
 Shadow Creatures         Summ           N/A          1%          6    None
 Freezing Cloud           Conj/Ice/Air   ######....   2%          6    None
 Hailstorm                Conj/Ice       #####...     3%          4    None
 Sticky Flame             Conj/Fire      #####...     3%          4    None
 Dragon Form              Tmut           #######...   3%          7    None
 Monstrous Menagerie      Summ           #######...   3%          7    None
 Summon Greater Demon     Summ           #######...   3%          7    None
 Summon Hydra             Summ           #######...   3%          7    None
 Iron Shot                Conj/Erth      ######....   4%          6    None
 Eringya's Noxious Bog    Tmut/Pois      ######....   6%          6    None
 Death Channel            Necr           ######....   9%          6    None
 Fireball                 Conj/Fire      #####.....   10%         5    None
 Iskenderun's Battlesphe  Conj/Chrm      #####...     10%         5    None
 Simulacrum               Ice/Necr       ######....   21%         6    None
 Spellforged Servitor     Conj/Summ      ######....   30%         7    None
 Ozocubu's Refrigeration  Ice            #####.....   45%         6    None
 Starburst                Conj/Fire      #####.....   45%         6    None
 Orb of Destruction       Conj           #####.....   94%         7    None
 Ring of Flames           Chrm/Fire      #####.....   94%         7    None
 Controlled Blink         Tloc           N/A          7%          8    ###....
 Disjunction              Tloc           #######...   7%          8    ###....
 Discord                  Hex            #######...   24%         8    ###....
 Summon Horrible Things   Summ           #######...   26%         8    ###....
 Shatter                  Erth           #######...   91%         9    #####..
 Dragon's Call            Summ           #######...   98%         9    #####..
 Ignition                 Fire           #####.....   100%        8    ###....


Dungeon Overview and Level Annotations

Branches:
Dungeon (15/15)            Temple (0/1) D:7            Lair (6/6) D:8
 Shoals (4/4) Lair:3       Spider (4/4) Lair:2        Slime (5/5) Lair:5
    Orc (2/2) D:10            Elf (3/3) Orc:2        Vaults (5/5) D:14
  Crypt (3/3) Vaults:3       Tomb (0/3) Crypt:3      Depths (5/5) D:15
   Hell (visited)             Dis (7/7) Hell            Geh (7/7) Hell
    Coc (7/7) Hell            Tar (7/7) Hell            Zot (0/5) Depths:5
  Sewer (visited)         Ossuary (visited)          WizLab (visited)

Altars:
Cheibriados
Dithmenos
Elyvilon
Fedhas
Nemelex Xobeh
Sif Muna
Trog
Yredelemnul
The Shining One
Beogh

Shops:
D:4 *(   D:7 %[=[   D:8 !   D:11 :   D:13 *   Orc:2 (=[*   Elf:3 (
Shoals:3 [*[

Portals:
Hell: Depths:1 Depths:2 Depths:3 Depths:4 Depths:5
Abyss: Depths:4
Pandemonium: Depths:3 Depths:4
Ziggurat: Depths:1

Annotations:
Lair:2 exclusion: oklob plant
Lair:3 3 runed translucent doors, Onkana's ghost, journeyman DrAE
Slime:4 Dissolution
Depths:4 1 runed translucent door
Hell exclusion: 2 ice statues
Pan Lom Lobon


Innate Abilities, Weirdness & Mutations

You cannot wear most types of armour.
You are very stealthy in the water. (Stealth+)
You are amphibious.
You can wear up to eight rings at the same time.
You can use your tentacles to constrict eight enemies at once.
Your skin changes colour to match your surroundings (Stealth+).
((Your rubbery body absorbs attacks. (AC +1, EV +1)))
Your body sometimes deteriorates upon taking damage.
You are frail. (-10% HP)
Your magical capacity is low. (-10% MP)
You are somewhat resistant to further mutation.


Message History

You step out of the flow of time.
You return to the normal time flow.
You feel quite a bit less full.
Cheibriados lowers the support of your attributes as your movement quickens.
Okay, then.
Casting: Tornado (slightly dangerous; 4% risk of failure)
Confirm with . or Enter, or press ? or * to list all spells.
The dungeon shakes, a horrible noise fills the air, and a portal to some otherworldly place is opened!
The titan shouts!
The ice encasing you melts away.
The titan waves its arms in wide circles.
The air twists around and strikes you!!
* * * LOW HITPOINT WARNING * * *
The wind drake flaps its wings at you. The air twists around and strikes you.
Unknown command.
Unknown command.
You feel better. The titan casts a spell at you.
The bolt of lightning hits you! You resist.
You die...

............###
.......2R.....#
≈≈≈≈≈≈≈≈≈≈≈≈...
.......k..§§≈..
..........w§≈≈.
≈≈≈≈≈≈≈≈≈§§≈≈≈.
.......C.......
≈≈≈≈≈≈≈8≈≈≈≈≈≈≈
###############


You could see a titan, a green death, a rakshasa, a wind drake and a friendly
eldritch tentacle (unaware).

Vanquished Creatures
  Asmodeus (Geh:7)
  the Royal Jelly (Slime:5)
  Ereshkigal (Tar:7)
  2 ancient liches (Vaults:5)
  Dispater (Dis:7)
  Khufu (Crypt:3)
  Mara (Depths:2)
  Sojobo (Crypt:3)
  3 shard shrikes
  Bai Suzhen (Spider:4)
  6 pandemonium lords (Pan)
  Saint Roka (Vaults:5)
  Xtahua (Crypt:3)
  Margery (Vaults:3)
  A caustic shrike (shapeshifter) (Depths:2)
  Geryon (Hell)
  the Enchantress (Depths:3)
  Jory (Vaults:5)
  A profane servitor (Crypt:3)
  21 bone dragons
  6 golden dragons
  11 doom hounds
  5 iron giants
  Arachne (Spider:3)
  32 Tzitzimimeh
  18 Brimstone Fiends
  2 hellephants (Abyss:4)
  8 liches
  8 Hell Sentinels
  9 tentacled monstrosities
  15 Ice Fiends
  2 deep elf blademasters (Elf:3)
  8 titans
  2 deep elf master archers (Elf:3)
  Murray (Hell)
  21 acid blobs
  An eldritch tentacle (WizLab)
  4 quicksilver dragons
  2 Executioners (Pan)
  A sphinx (shapeshifter) (Depths:2)
  2 tentacled starspawn (Abyss:3)
  3 sphinxes
  7 ancient champions
  7 tengu reavers
  4 storm dragons
  Roxanne (Spider:2)
  11 shadow dragons
  A revenant (Crypt:3)
  13 azure jellies
  Donald (Spider:4)
  7 fire giants
  8 frost giants
  A corrupter (Pan)
  5 vault wardens
  5 deep elf sorcerers (Elf:3)
  A caustic shrike zombie (Hell)
  4 ghost moths
  An orc warlord (Orc:2)
  5 iron dragons
  2 draconian shifters (Abyss:4)
  4 black suns (Pan)
  5 emperor scorpions (Spider:4)
  14 balrugs
  Louise (Spider:1)
  A warmonger (Pan)
  13 cacodemons
  A juggernaut zombie (Hell)
  2 ghouls
  4 deep elf elementalists
  5 ironheart preservers
  3 spriggan defenders
  34 very ugly things
  69 reapers
  4 draconian annihilators
  7 stone giants
  11 vampire knights
  The ghost of Maedhros the Unseen, a journeyman OpAr of Cheibriados (Depths:1)
  25 war gargoyles
  3 blood saints (Pan)
  3 entropy weavers (shapeshifter) (Depths:2)
  7 lorocyprocas
  4 entropy weavers
  A black draconian (Depths:5)
  A green draconian (Depths:5)
  5 deep elf demonologists
  A yellow draconian (Depths:5)
  The ghost of Keogif the Basher, a journeyman VSFi of Okawaru (D:15)
  A white draconian (Depths:5)
  2 spark wasps
  A dire elephant (shapeshifter) (Depths:2)
  5 dire elephants (Abyss:4)
  9 deep elf annihilators
  A nameless horror (Depths:2)
  9 deep elf death magi
  6 merfolk javelineers
  A red draconian (Depths:5)
  6 ettins
  3 mummy priests
  20 jiangshi
  13 crystal guardians
  12 blizzard demons
  2 eidola (Tar:7)
  9 green deaths
  Josephine (D:15)
  9 merfolk impalers
  11 great orbs of eyes
  4 deep elf high priests
  16 yaktaur captains
  2 quicksilver dragon zombies
  Erolcha (D:9)
  A great orb of eyes (shapeshifter) (Depths:2)
  9 fire dragons
  5 death oozes (Slime:5)
  10 rakshasas
  5 hydras
  23 ice dragons
  3 merfolk avatars
  A hell beast (Dis:1)
  An ice dragon (shapeshifter) (Depths:2)
  5 quicksilver dragon skeletons
  4 spriggan air magi
  26 vault guards
  3 merfolk aquamancers
  A ghost crab (Tar:7)
  An alligator snapping turtle (Shoals:3)
  A catoblepas (D:15)
  3 monstrous demonspawn (Pan)
  25 dancing weapons
  7 death knights
  27 two-headed ogres
  Erica (D:8)
  4 deep troll shamans
  7 hell hogs
  A satyr (Shoals:4)
  7 ogre magi
  2 vampire magi
  6 thrashing horrors
  2 deep troll earth magi
  37 hell knights
  5 spriggan berserkers
  4 tengu warriors
  6 orc high priests
  A spectral storm dragon (Crypt:3)
  21 sun demons
  27 soul eaters
  5 deep elf knights
  11 titan zombies
  16 iron golems
  9 iron trolls (Dis:7)
  3 titan skeletons
  14 sixfirhies (Pan)
  A spatial maelstrom (Abyss:4)
  14 anaconda zombies
  15 deep trolls
  167 skeletal warriors
  A spectral anaconda (Crypt:3)
  8 glowing orange brains
  6 sea snakes
  3 ghost moth zombies
  7 storm dragon zombies
  2 death drakes
  19 shadow wraiths
  4 storm dragon skeletons
  5 unseen horrors
  3 gelid demonspawn (Pan)
  A glowing orange brain (shapeshifter) (Depths:2)
  A kraken simulacrum (Hell)
  21 shadow demons
  11 wizards
  4 infernal demonspawn
  2 torturous demonspawn (Pan)
  Pikel (D:8)
  8 shadow dragon zombies
  14 flayed ghosts
  5 golden dragon zombies
  An orange crystal statue (Depths:2)
  9 orc knights
  8 orc sorcerers
  A lindwurm (Lair:6)
  4 obsidian statues
  7 deep elf archers
  27 deep elf magi
  9 ironbrand convokers
  12 wolf spiders
  A wolf spider zombie (Geh:1)
  3 fire giant zombies
  16 phantasmal warriors
  15 anaconda skeletons
  4 iron dragon zombies
  19 necromancers
  2 orb spiders
  A glowing shapeshifter (Coc:7)
  26 ugly things
  2 golden dragon skeletons
  4 frost giant zombies
  4 stone giant zombies
  5 manticores
  3 shadow dragon skeletons
  A worldbinder (WizLab)
  4 cyclopes
  A shining eye (Slime:2)
  4 fauns (Shoals:2)
  An elf zombie (Hell)
  4 water nymphs
  An elephant (shapeshifter) (Depths:2)
  An ice statue (Elf:2)
  4 moths of wrath
  11 vault sentinels
  32 rust devils
  3 centaur zombies
  7 elephants
  6 iron dragon skeletons
  A guardian serpent (shapeshifter) (Depths:4)
  5 black mambas
  5 merfolk sirens
  4 stone giant skeletons
  Joseph (D:10)
  15 smoke demons
  A shock serpent zombie (Dis:6)
  A dire elephant zombie (Tar:4)
  2 eyes of devastation
  A guardian serpent (WizLab)
  A storm dragon simulacrum (Tar:5)
  9 orange demons
  7 fire giant skeletons
  26 hellions
  A shock serpent skeleton (Geh:1)
  8 frost giant skeletons
  9 spiny frogs
  An apocalypse crab (Abyss:3)
  10 molten gargoyles
  2 torpor snails
  2 gargoyles (Depths:2)
  A minotaur zombie (Geh:6)
  2 dire elephant skeletons
  3 efreet
  2 catoblepas zombies
  11 komodo dragons
  3 yaktaurs (shapeshifter)
  4 rime drakes
  2 catoblepas skeletons
  20 ice devils
  A yaktaur zombie (Hell)
  47 tormentors
  19 yaktaurs
  35 freezing wraiths
  7 guardian mummies (Crypt:3)
  2 anaconda simulacra
  10 demonic crawlers
  4 harpy zombies
  3 tengu conjurers
  A death yak skeleton (Crypt:2)
  A black draconian skeleton (Coc:7)
  11 hydra zombies
  11 red devils
  3 hellwings (Pan)
  4 ancient zymes
  22 merfolk
  8 trolls
  Grinder (D:4)
  A silent spectre (Tar:7)
  2 polar bears (Lair:4)
  21 jumping spiders
  A wind drake (shapeshifter) (Depths:4)
  5 hornets
  4 dream sheep (Shoals:2)
  3 ice dragon zombies
  5 snapping turtles
  3 hydra skeletons
  An iron dragon simulacrum (Hell)
  13 hippogriffs
  2 spriggan zombies (Hell)
  10 wind drakes
  11 raiju
  79 slime creatures
  A blink frog (shapeshifter) (Depths:1)
  A frost giant simulacrum (Hell)
  6 blink frogs
  A deep troll zombie (Hell)
  A dream sheep (shapeshifter) (Depths:2)
  7 ettin zombies
  3 alligator zombies
  3 fire dragon zombies
  2 alligator skeletons
  55 redbacks
  12 air elementals
  97 flying skulls
  19 tarantellas
  A spriggan (shapeshifter) (Depths:4)
  3 black mamba zombies
  A vampire (Abyss:3)
  A redback (shapeshifter) (Depths:2)
  3 spriggans (Depths:3)
  33 shadows
  A centaur simulacrum (D:15)
  14 ynoxinuls
  23 fire elementals
  3 black mamba skeletons
  5 ettin skeletons
  20 water elementals
  20 yaks
  5 fire dragon skeletons
  A wyvern (shapeshifter) (Depths:2)
  16 wraiths
  3 ice dragon skeletons
  9 chaos spawn
  13 wyverns
  10 golden eyes
  7 basilisks
  9 hungry ghosts
  14 vampire mosquitoes
  10 neqoxecs
  7 spatial vortices
  A soldier ant (D:12)
  2 insubstantial wisps (Depths:2)
  17 large abominations
  3 wargs
  A merfolk zombie (Dis:7)
  2 acid dragons
  A warg (shapeshifter) (Depths:3)
  5 spiny frog zombies
  55 hell hounds
  4 water moccasins
  8 porcupines
  A floating eye (shapeshifter) (D:14)
  39 orc warriors
  6 eyes of draining
  A black bear (D:12)
  2 merfolk skeletons (Geh:7)
  8 ice beasts
  3 sky beasts
  3 slaves (D:8)
  7 spiny frog skeletons
  8 phantoms
  A swamp dragon zombie (Tar:2)
  An alligator simulacrum (Coc:2)
  An ice beast (shapeshifter) (Vaults:5)
  18 necrophages
  4 small abominations (Crypt:3)
  4 snapping turtle zombies
  An ice dragon simulacrum (Coc:3)
  11 centaurs
  2 manticore zombies
  4 boggarts
  20 ogres
  6 snapping turtle skeletons
  8 crocodiles
  A big kobold (D:7)
  19 bullfrogs
  A gnoll sergeant (D:5)
  A wyvern zombie (Crypt:2)
  4 elf skeletons
  2 spiny frog simulacra
  10 earth elementals
  4 water moccasin zombies (Ossuary)
  4 scorpions
  18 killer bees
  A troll zombie (Crypt:1)
  A killer bee (shapeshifter) (Depths:4)
  A snapping turtle simulacrum (Coc:7)
  56 wights
  3 electric eels
  2 howler monkeys (D:9)
  5 crimson imps
  A bullfrog zombie (D:11)
  2 lava snakes (Lair:6)
  4 hounds
  11 orc priests
  7 centaur skeletons
  3 quasits
  2 human zombies
  4 bullfrog skeletons
  11 iron imps
  7 jellies
  2 iguanas
  Terence (D:2)
  A human skeleton (Coc:7)
  9 orc wizards
  5 worker ants
  A killer bee zombie (D:7)
  3 big kobold zombies (Ossuary)
  A tengu zombie (Geh:6)
  A naga zombie (Dis:1)
  An ogre zombie (Geh:3)
  An ogre skeleton (Tar:2)
  A hound zombie (D:11)
  2 hound skeletons
  3 mummies
  A worker ant zombie (D:10)
  5 gnolls (D:5)
  8 river rats (Sewer)
  10 adders
  15 shadow imps
  13 white imps
  An ufetubus (Abyss:4)
  4 adder zombies
  4 worms
  A dart slug (D:2)
  5 leopard geckos
  61 orcs
  9 giant cockroaches
  4 goblins
  9 hobgoblins
  8 jackals
  12 kobolds
  7 quokkas
  4 ball pythons
  10 bats
  8 frilled lizards
  2 gnoll zombies (Ossuary)
  5 hobgoblin zombies (Ossuary)
  6 kobold zombies (Ossuary)
  A leopard gecko skeleton (D:7)
  2 orc skeletons
  7 orc zombies
  21 rats
  A fire vortex (Pan)
  A fungus (Orc:2)
  3 plants
  5 starspawn tentacles
  2 tentacles (Hell)
3285 creatures vanquished.

Vanquished Creatures (collateral kills)
  Antaeus (Coc:7)
  Mnoleg (Pan)
  A bone dragon (Depths:5)
  3 Tzitzimimeh
  A Brimstone Fiend (Geh:7)
  9 Ice Fiends
  An eldritch tentacle (Pan)
  2 shadow dragons
  A balrug (Pan)
  2 cacodemons
  A warmonger (Pan)
  2 elemental wellsprings (Coc:7)
  5 reapers
  An entropy weaver (Spider:3)
  A draconian annihilator (Pan)
  2 stone giants (Depths:1)
  2 very ugly things
  A spriggan defender (Depths:3)
  A purple draconian (Depths:5)
  A black sun (Pan)
  3 green deaths (Pan)
  An ettin (Depths:4)
  6 blizzard demons
  A fire dragon (Lair:6)
  2 death oozes (Slime:5)
  A spriggan air mage (Depths:3)
  A vault guard (Vaults:4)
  2 ice dragons
  A centaur warrior (D:13)
  A catoblepas (D:15)
  A two-headed ogre (D:15)
  A titan zombie (Geh:6)
  An orc high priest (Orc:2)
  3 hell hogs
  2 soul eaters
  3 hell knights
  An iron golem (Hell)
  A skeletal warrior (Tar:7)
  3 sun demons
  4 sixfirhies (Pan)
  2 unseen horrors
  An infernal demonspawn (Pan)
  A torturous demonspawn (Pan)
  An anaconda zombie (Coc:7)
  3 harpies (Shoals:4)
  2 necromancers
  10 orb spiders
  2 ugly things
  2 oklob plants (Lair:1)
  A shining eye (Slime:5)
  2 wolf spiders
  3 stone giant zombies
  A deep elf mage (Vaults:4)
  A cyclops (D:15)
  A centaur zombie (D:15)
  3 elephants (Lair:3)
  A stone giant skeleton (Coc:7)
  2 rust devils (Hell)
  2 orange demons
  2 black mambas
  A water nymph (Shoals:4)
  2 molten gargoyles (Geh:7)
  4 smoke demons (Pan)
  A frost giant skeleton (Coc:7)
  A dire elephant zombie (Geh:6)
  A spiny frog (Lair:6)
  A demonic crawler (Spider:3)
  An anaconda simulacrum (Coc:7)
  A hellion (Geh:7)
  4 tormentors
  7 ice devils
  A komodo dragon (Lair:6)
  A freezing wraith (Coc:7)
  A troll (D:10)
  12 red devils
  2 jumping spiders
  5 wind drakes
  A merfolk (Shoals:4)
  A hornet (Vaults:4)
  A hippogriff (Lair:3)
  An ettin zombie (Geh:6)
  A wolf spider simulacrum (D:15)
  3 slime creatures
  4 flying skulls
  A meliai zombie (D:15)
  2 shadows
  4 tarantellas
  2 large abominations (Pan)
  3 ynoxinuls (Pan)
  9 redbacks
  An ice dragon skeleton (Hell)
  An alligator skeleton (Hell)
  A water elemental (Hell)
  2 wraiths
  A fire elemental (Geh:7)
  4 wyverns
  6 neqoxecs (Pan)
  A basilisk (D:14)
  4 chaos spawn (Pan)
  An emperor scorpion simulacrum (Hell)
  3 yaks
  A warg (Orc:2)
  2 hydra simulacra
  4 water moccasins
  6 hell hounds
  2 orc warriors
  A spiny frog skeleton (Coc:7)
  An eye of draining (shapeshifter) (Depths:2)
  An ettin simulacrum (Hell)
  An eye of draining (Slime:2)
  3 ogres
  4 snapping turtle skeletons
  2 centaurs
  A crocodile (Lair:2)
  A merfolk simulacrum (Coc:7)
  2 spiny frog simulacra
  4 wights (Geh:6)
  A crimson imp (Geh:7)
  A lava snake (Lair:6)
  An iron imp (Dis:7)
  3 orc wizards (Orc:2)
  4 white imps
  5 orcs
  A fungus (Lair:5)
  5 plants
282 creatures vanquished.

Vanquished Creatures (others)
  36 eldritch tentacles
  A centaur warrior (D:15)
  A dancing weapon (Depths:2)
  A satyr (Shoals:3)
  A hell hog (Geh:6)
  A shadow wraith (Tar:7)
  An unseen horror (D:15)
  A wolf spider (Spider:4)
  4 hellions
  A wind drake (Depths:2)
  2 merfolk (Shoals:4)
  A slime creature (Slime:1)
  A shadow (Geh:6)
  A yak (Lair:5)
  A flying skull (Geh:7)
  A wraith (Geh:7)
  A fire elemental (Depths:2)
  A water elemental (Depths:2)
  A chaos spawn (Pan)
  An insubstantial wisp (Depths:2)
  A floating eye (shapeshifter) (Depths:2)
  2 necrophages
  An ogre (Vaults:5)
  17 ball lightnings
  A lurking horror (WizLab)
  4 plants
  8 snaplasher vines
  10 starspawn tentacles
  7 tentacles (Hell)
110 creatures vanquished.

Grand Total: 3677 creatures vanquished

Notes
Turn   | Place    | Note
-------+----------+-------------------------------------------
     0 | D:1      | Maedhros the Octopode Fighter began the quest for the Orb.
     0 | D:1      | Reached XP level 1. HP: 16/16 MP: 1/1
    77 | D:1      | Reached XP level 2. HP: 15/21 MP: 2/2
   551 | D:2      | Reached XP level 3. HP: 24/26 MP: 3/3
   705 | D:2      | Found a faded altar of an unknown god.
   742 | D:2      | Became a worshipper of Cheibriados the Contemplative
   742 | D:2      | Reached * piety under Cheibriados
   831 | D:2      | Reached XP level 4. HP: 29/31 MP: 4/4
   840 | D:2      | Noticed Terence
   855 | D:2      | Killed Terence
   855 | D:2      | Reached skill level 1 in Unarmed Combat
  1040 | D:3      | Found a glowing drain.
  1047 | D:3      | Reached XP level 5. HP: 36/36 MP: 5/5
  1050 | Sewer    | Entered a sewer
  1147 | Sewer    | Reached ** piety under Cheibriados
  1617 | D:3      | Reached *** piety under Cheibriados
  1617 | D:3      | Reached XP level 6. HP: 21/42 MP: 6/6
  1770 | D:4      | Found Battah's Antique Weapon Emporium.
  1805 | D:4      | Bought a glowing trident for 221 gold pieces
  1823 | D:4      | Found Xeapoept's Assorted Antiques.
  1954 | D:4      | Found a snail-covered altar of Cheibriados.
  1994 | D:4      | Found Mevoaxiasch's Assorted Antiques.
  2030 | D:4      | Noticed Grinder
  2036 | D:4      | Killed Grinder
  2036 | D:4      | Reached skill level 4 in Shields
  2036 | D:4      | Reached XP level 7. HP: 27/49 MP: 7/7
  2159 | D:5      | Entered Level 5 of the Dungeon
  2185 | D:5      | Found a sand-covered staircase.
  2190 | Ossuary  | Entered an ossuary
  2195 | Ossuary  | Reached **** piety under Cheibriados
  2218 | Ossuary  | Reached skill level 5 in Unarmed Combat
  2275 | Ossuary  | Reached XP level 8. HP: 36/54 MP: 8/8
  2338 | Ossuary  | Reached skill level 5 in Fighting
  2338 | Ossuary  | Reached skill level 5 in Shields
  2652 | D:5      | Found a bloodstained altar of Trog.
  2671 | D:5      | Reached ***** piety under Cheibriados
  3027 | D:6      | Found a bloodstained altar of Trog.
  3055 | D:6      | Found a shadowy altar of Dithmenos.
  3059 | D:6      | Found a blossoming altar of Fedhas.
  3212 | D:7      | Reached XP level 9. HP: 56/62 MP: 9/9
  3222 | D:7      | Reached skill level 6 in Shields
  3237 | D:7      | Found a sparkling altar of Nemelex Xobeh.
  3241 | D:7      | Found a staircase to the Ecumenical Temple.
  3344 | D:7      | Found Xamuy's Antique Armour Emporium.
  3370 | D:7      | Found a white marble altar of Elyvilon.
  3402 | D:7      | Found Zohorof's Jewellery Shop.
  3501 | D:7      | Found Qecriq's Armour Shop.
  3512 | D:7      | Found Giesy's Food Boutique.
  3558 | D:8      | Reached skill level 1 in Invocations
  3626 | D:8      | Found a staircase to the Lair.
  3678 | D:8      | Found Zosocruv's Distillery.
  3727 | D:8      | Noticed Pikel
  3747 | D:8      | Killed Pikel
  3747 | D:8      | Reached XP level 10. HP: 47/69 MP: 12/12
  3885 | D:9      | Noticed Erolcha
  3890 | D:9      | Killed Erolcha
  3890 | D:9      | Reached skill level 5 in Dodging
  3890 | D:9      | Reached skill level 7 in Shields
  3912 | D:9      | Reached skill level 5 in Invocations
  3931 | D:9      | Learned a level 1 spell: Animate Skeleton
  4170 | D:10     | Entered Level 10 of the Dungeon
  4252 | D:10     | Noticed a two-headed ogre
  4260 | D:10     | Killed a two-headed ogre
  4365 | D:10     | Reached XP level 11. HP: 75/75 MP: 15/15
  4412 | D:10     | Noticed a cyan ugly thing
  4417 | D:10     | Killed a cyan ugly thing
  4596 | D:10     | Noticed an orc knight
  4598 | D:10     | Noticed an orc knight
  4659 | D:11     | Reached skill level 10 in Unarmed Combat
  4787 | D:11     | Noticed a two-headed ogre
  4796 | D:11     | Killed a two-headed ogre
  4796 | D:11     | Reached skill level 8 in Shields
  4874 | D:11     | Found Tify's Book Shoppe.
  4946 | D:11     | Learned a level 2 spell: Sticks to Snakes
  5234 | D:11     | Reached ****** piety under Cheibriados
  5305 | D:12     | Reached skill level 1 in Stealth
  5308 | D:12     | Reached skill level 1 in Transmutations
  5353 | D:12     | Reached skill level 1 in Evocations
  5635 | D:10     | Reached skill level 5 in Polearms
  5645 | D:10     | Reached skill level 1 in Necromancy
  5770 | D:10     | Killed an orc knight
  5791 | D:10     | Killed an orc knight
  5791 | D:10     | Reached XP level 12. HP: 47/84 MP: 17/17
  5817 | D:10     | Found a roughly hewn altar of Beogh.
  5817 | D:10     | Found a staircase to the Orcish Mines.
  5970 | D:13     | Found Cugojuru's Assorted Antiques.
  5975 | D:13     | Noticed a two-headed ogre
  5986 | D:13     | Killed a two-headed ogre
  5993 | D:13     | Bought a smoking ivory ring for 155 gold pieces
  5993 | D:13     | Identified the ring of the Aged Lives {Str+5 Dex+2} (You
                  | bought it in a shop on level 13 of the Dungeon)
  6298 | D:12     | Gained mutation: Scrolls take you a little longer to read.
                  | [potion of mutation]
  6298 | D:12     | Gained mutation: You are agile. (Dex +2) [potion of
                  | mutation]
  6335 | D:13     | Noticed a six-headed hydra
  6508 | D:13     | Killed a six-headed hydra
  6529 | D:13     | Noticed a centaur warrior
  6538 | D:13     | Killed a centaur warrior
  6538 | D:13     | Reached skill level 5 in Stealth
  6538 | D:13     | Reached skill level 5 in Transmutations
  6573 | D:13     | Reached skill level 9 in Shields
  6707 | D:14     | Found a gate to the Vaults.
  7033 | D:14     | Found a bloodstained altar of Trog.
  7041 | D:14     | Reached XP level 13. HP: 32/90 MP: 18/18
  7141 | D:13     | Got a brightly glowing tower shield
  7209 | D:13     | Identified the +5 tower shield of the Trees {Str+4} (You
                  | found it on level 13 of the Dungeon)
  7362 | D:10     | Noticed Joseph
  7372 | D:10     | Killed Joseph
  7392 | Orc:1    | Entered Level 1 of the Orcish Mines
  7526 | Orc:2    | Entered Level 2 of the Orcish Mines
  7526 | Orc:2    | Found a roughly hewn altar of Beogh.
  7777 | Lair:1   | Entered Level 1 of the Lair of Beasts
  7856 | Lair:1   | Reached skill level 5 in Evocations
  7985 | Lair:1   | Learned a level 4 spell: Summon Lightning Spire
  7987 | Lair:1   | Learned a level 1 spell: Summon Small Mammal
  8234 | Lair:1   | You fall into a shaft and drop 1 floor!
  8234 | Lair:2   | Found a hole to the Spider Nest.
  8599 | Lair:2   | Reached skill level 10 in Shields
  8845 | Lair:3   | Found a runed translucent gate.
  8846 | Lair:3   | Found a runed translucent gate.
  8847 | Lair:3   | Found a runed translucent gate.
  8848 | Lair:3   | Noticed Onkana's ghost (journeyman DrAE)
  9086 | Lair:3   | Found a staircase to the Shoals.
  9261 | Lair:4   | Reached skill level 1 in Spellcasting
  9274 | Lair:4   | Learned a level 6 spell: Statue Form
  9600 | Lair:5   | Found a staircase to the Slime Pits.
  9629 | Lair:5   | Reached skill level 1 in Earth Magic
  9829 | Lair:5   | Reached skill level 10 in Fighting
  9928 | Lair:5   | Reached XP level 14. HP: 93/99 MP: 19/19
 10008 | Lair:6   | Entered Level 6 of the Lair of Beasts
 10117 | Lair:6   | Got a faintly glowing ivory ring
 10118 | Lair:6   | Identified the ring "Wirexoll" {*Slow +Fly MR+ SInv} (You
                  | found it on level 6 of the Lair of Beasts)
 10299 | Lair:6   | Reached skill level 11 in Shields
 10521 | Lair:6   | Found a large runed translucent door.
 10521 | Lair:6   | Found a large runed translucent door.
 11410 | D:15     | Entered Level 15 of the Dungeon
 11486 | D:15     | Found a shimmering blue altar of Sif Muna.
 11519 | D:15     | Reached skill level 5 in Earth Magic
 11656 | D:15     | Found a transporter.
 11850 | Orc:1    | Reached skill level 5 in Spellcasting
 12180 | Orc:2    | Found a staircase to the Elven Halls.
 12181 | Orc:2    | Found Wachosom's Antique Weapon Shop.
 12384 | Orc:2    | Found Xeowid's General Store.
 12385 | Orc:2    | Noticed an orc warlord
 12606 | Orc:2    | Found Myusuuxy's Jewellery Shop.
 12631 | Orc:2    | Found Moxurghoa's Antique Armour Shop.
 12677 | Orc:2    | Reached XP level 15. HP: 45/103 MP: 15/23
 12729 | Orc:2    | Reached skill level 12 in Shields
 12742 | Orc:2    | Killed an orc warlord
 12811 | Orc:2    | Learned a level 3 spell: Inner Flame
 12866 | Orc:2    | Bought an uncursed amulet of regeneration for 480 gold
                  | pieces
 13121 | D:7      | Bought the ring of Cemit {rF++ MR- MP+9 Int+3 Slay+3} for
                  | 1176 gold pieces
 13165 | D:8      | Noticed Erica
 13172 | D:8      | Killed Erica
 13418 | D:15     | Noticed Josephine
 13428 | D:14     | Reached skill level 1 in Hexes
 13752 | D:14     | Learned a level 4 spell: Animate Dead
 14051 | D:15     | Reached skill level 10 in Transmutations
 14061 | D:15     | Noticed Keogif's ghost (journeyman VSFi)
 14272 | D:15     | Found a transporter.
 14319 | D:15     | Killed Josephine
 14372 | D:15     | Found a staircase to the Depths.
 14396 | Depths:1 | Entered Level 1 of the Depths
 14571 | Depths:1 | Found a gateway to a ziggurat.
 14673 | Depths:1 | Noticed a frost giant
 14685 | Depths:1 | Killed a frost giant
 14792 | Depths:1 | Found a runed translucent gate.
 14793 | Depths:1 | Found a runed translucent gate.
 14794 | Depths:1 | Found a runed translucent gate.
 14861 | Depths:1 | Noticed Maedhros's ghost (journeyman OpAr)
 14871 | Depths:1 | Killed Maedhros's ghost
 14924 | Depths:1 | Reached XP level 16. HP: 109/109 MP: 25/25
 14949 | Depths:1 | Reached skill level 10 in Earth Magic
 14992 | Depths:1 | Found a glowing golden altar of the Shining One.
 15035 | Depths:1 | Found a gateway to Hell.
 15279 | Depths:2 | Lost mutation: You are agile. (Dex +2) [potion of mutation]
 15279 | Depths:2 | Lost mutation: Scrolls take you a little longer to read.
                  | [potion of mutation]
 15279 | Depths:2 | Gained mutation: You are frail. (-10% HP) [potion of
                  | mutation]
 15279 | Depths:2 | Gained mutation: You are somewhat resistant to further
                  | mutation. [potion of mutation]
 15279 | Depths:2 | Gained mutation: You are weak. (Str -2) [potion of
                  | mutation]
 15279 | Depths:2 | Lost mutation: You are weak. (Str -2) [potion of mutation]
 15343 | Depths:2 | Noticed a caustic shrike
 15349 | Depths:2 | Noticed an acid blob
 15349 | Depths:2 | a caustic shrike changed into an acid blob
 15350 | Depths:2 | Noticed an iron giant
 15350 | Depths:2 | an acid blob changed into an iron giant
 15352 | Depths:2 | Noticed an azure jelly
 15352 | Depths:2 | an azure jelly changed into an emperor scorpion
 15357 | Depths:2 | Noticed a caustic shrike
 15358 | Depths:2 | Noticed a shadow dragon
 15358 | Depths:2 | a caustic shrike changed into a shadow dragon
 15358 | Depths:2 | a shadow dragon changed into a stone giant
 15562 | Depths:2 | Noticed Mara
 15594 | Depths:2 | Noticed a sphinx
 15599 | Depths:2 | Killed a sphinx
 15609 | Depths:2 | Noticed Maedhros's illusion
 15612 | Depths:2 | Killed Mara
 15612 | Depths:2 | Reached XP level 17. HP: 103/103 MP: 29/29
 15673 | Depths:2 | Got a fine turquoise ring
 15675 | Depths:2 | Identified the ring "Raerphyre" {rElec rCorr Str-2 Int+5
                  | Dex+3} (You found it on level 2 of the Depths)
 15849 | Depths:2 | Noticed a quicksilver dragon
 15849 | Depths:2 | an azure jelly changed into a quicksilver dragon
 15850 | Depths:2 | Noticed an acid blob
 15850 | Depths:2 | a quicksilver dragon changed into an acid blob
 15851 | Depths:2 | an acid blob changed into an iron dragon
 15861 | Depths:2 | Noticed a golden dragon
 15861 | Depths:2 | an iron dragon changed into a golden dragon
 15956 | Depths:2 | Noticed a titan
 15964 | Depths:2 | Killed a titan
 15966 | Depths:2 | Reached skill level 13 in Shields
 15970 | Depths:2 | Noticed an acid blob
 15970 | Depths:2 | a shadow dragon changed into an acid blob
 15974 | Depths:2 | an acid blob changed into an iron dragon
 15976 | Depths:2 | Noticed a caustic shrike
 15976 | Depths:2 | an iron dragon changed into a caustic shrike
 15978 | Depths:2 | Killed a caustic shrike
 16067 | Depths:2 | Got a translucent golden ring
 16069 | Depths:2 | Identified the ring "Vefialipt" {Wiz rN+ MR+++ Dex-3} (You
                  | found it on level 2 of the Depths)
 16142 | Depths:2 | Got a brightly glowing iron ring
 16144 | Depths:2 | Identified the ring of Xayfor {rElec rN+ Str+4 Dex-4} (You
                  | found it on level 2 of the Depths)
 16352 | Depths:3 | Noticed the Enchantress
 16687 | Depths:3 | Reached XP level 18. HP: 111/111 MP: 31/31
 16779 | Depths:3 | Found a one-way gate leading to the halls of Pandemonium.
 16782 | Depths:3 | Reached skill level 10 in Dodging
 16792 | Depths:3 | Killed the Enchantress
 16840 | Depths:4 | Reached skill level 14 in Shields
 17020 | Depths:4 | Learned a level 2 spell: Passwall
 17150 | Depths:4 | Found a runed translucent door.
 17150 | Depths:4 | Found a runed translucent door.
 17150 | Depths:4 | Noticed a tentacled monstrosity
 17151 | Depths:4 | Noticed a tentacled monstrosity
 17333 | Depths:4 | Found a one-way gate to the infinite horrors of the Abyss.
 17710 | Depths:4 | Noticed a lich
 17720 | Depths:4 | Reached skill level 10 in Spellcasting
 17735 | Depths:4 | Killed a lich
 17736 | Depths:4 | Noticed a tentacled monstrosity
 17741 | Depths:4 | Killed a tentacled monstrosity
 17760 | Depths:4 | Noticed a golden dragon
 17772 | Depths:4 | Killed a golden dragon
 17779 | Depths:4 | Noticed a golden dragon
 17784 | Depths:4 | Killed a golden dragon
 17784 | Depths:4 | Reached XP level 19. HP: 117/117 MP: 33/33
 17820 | Depths:4 | Found a runed translucent door.
 17822 | Depths:4 | Found a runed translucent door.
 17825 | Depths:4 | Found a runed translucent door.
 17863 | Depths:4 | Killed a tentacled monstrosity
 17871 | Depths:4 | Killed a tentacled monstrosity
 17871 | Depths:4 | Reached skill level 15 in Shields
 17909 | Depths:5 | Entered Level 5 of the Depths
 18016 | Depths:5 | Noticed a bone dragon
 18027 | Depths:5 | Killed a bone dragon
 18044 | Depths:5 | Noticed a bone dragon
 18053 | Depths:5 | Killed a bone dragon
 18071 | Depths:5 | Found a gate to the Realm of Zot.
 18658 | Spider:1 | Entered Level 1 of the Spider Nest
 18799 | Spider:2 | Upgraded the game from 0.25-a0-785-gb22c70e859 to
                  | 0.25-a0-786-g5b70d41e48
 18953 | Spider:2 | Identified Roxanne's Papyrus of the Rocks
 18953 | Spider:2 | Noticed Roxanne
 18960 | Spider:2 | Killed Roxanne
 18963 | Spider:2 | Reached skill level 1 in Summonings
 19049 | Spider:3 | Reached XP level 20. HP: 124/124 MP: 34/34
 19129 | Spider:3 | Noticed Arachne
 19142 | Spider:3 | Killed Arachne
 19354 | Spider:4 | Entered Level 4 of the Spider Nest
 19406 | Spider:4 | Noticed Donald
 19412 | Spider:4 | Killed Donald
 19429 | Spider:4 | Noticed Bai Suzhen
 19440 | Spider:4 | Killed Bai Suzhen
 19440 | Spider:4 | Reached skill level 16 in Shields
 19519 | Spider:4 | Reached skill level 15 in Unarmed Combat
 19619 | Spider:4 | Got a gossamer rune of Zot
 19769 | Spider:1 | Identified the +1 tower shield "Radaeb" {rCorr Dex+3 SInv}
 19769 | Spider:1 | Noticed Louise
 19780 | Spider:1 | Killed Louise
 19922 | Spider:1 | Learned a level 5 spell: Summon Forest
 20069 | Shoals:1 | Entered Level 1 of the Shoals
 20256 | Shoals:2 | Reached skill level 17 in Shields
 20362 | Shoals:3 | Found Raodaac's Armour Shoppe.
 20444 | Shoals:3 | Found Exzats's General Store.
 20461 | Shoals:3 | Bought a potion of might for 64 gold pieces
 20461 | Shoals:3 | Identified a scroll of acquirement
 20462 | Shoals:3 | Identified the +8 double sword "Xeoremil" {antimagic, +Rage
                  | rC++ Str+4 Stlth-} (You acquired it on level 3 of the
                  | Shoals)
 20607 | Shoals:3 | Found Munughis's Armour Emporium.
 20641 | Shoals:3 | Bought the +2 hood of the Assassin {Detection Stab+
                  | Stlth++} for 660 gold pieces
 20641 | Shoals:3 | Found the +2 hood of the Assassin {Detection Stab+ Stlth++}
 20710 | Shoals:4 | Entered Level 4 of the Shoals
 20888 | Shoals:4 | Reached XP level 21. HP: 129/129 MP: 35/35
 20946 | Shoals:4 | Got a barnacled rune of Zot
 21307 | Slime:1  | Entered Level 1 of the Pits of Slime
 21404 | Slime:3  | Reached skill level 18 in Shields
 21439 | Slime:4  | Noticed Dissolution
 21593 | Slime:5  | Entered Level 5 of the Pits of Slime
 21667 | Slime:5  | Noticed the Royal Jelly
 21700 | Slime:5  | Killed the Royal Jelly
 21700 | Slime:5  | Reached skill level 10 in Invocations
 21807 | Slime:5  | Learned a level 2 spell: Blink
 21812 | Slime:5  | Learned a level 4 spell: Passage of Golubria
 21818 | Slime:5  | Learned a level 5 spell: Summon Mana Viper
 21838 | Slime:5  | Identified the Compendium of Necromancy and Bewitchment
 21842 | Slime:5  | Got a slimy rune of Zot
 21887 | Slime:5  | Found the +8 storm bow {elec, penet}
 21900 | Slime:5  | Identified the Disquisition on Changing and Stones
 21902 | Slime:5  | Identified the Guide on Dusty Poison
 22318 | D:15     | Killed Keogif's ghost
 22339 | D:15     | Got a bound ivory ring
 22341 | D:15     | Identified the ring "Loixt" {*Slow rPois MR+ Slay+2 Stlth-}
                  | (You found it on level 15 of the Dungeon)
 22516 | Elf:1    | Entered Level 1 of the Elven Halls
 22630 | Elf:2    | Reached skill level 19 in Shields
 22719 | Elf:2    | Found a gateway to a bazaar.
 22726 | Bazaar   | Entered a bazaar
 22729 | Bazaar   | Found Nag Bayt's Distillery.
 22744 | Bazaar   | Found Xoaleusy's Food Boutique.
 22758 | Bazaar   | Found Xiawk's Antique Weapon Shoppe.
 22770 | Bazaar   | Found Abeomp's General Store.
 22774 | Bazaar   | Bought a potion of heal wounds for 70 gold pieces
 22808 | Bazaar   | Bought a potion of heal wounds for 45 gold pieces
 22808 | Bazaar   | Bought a potion of heal wounds for 45 gold pieces
 22808 | Bazaar   | Bought a potion of resistance for 90 gold pieces
 22808 | Bazaar   | Bought a potion of magic for 72 gold pieces
 22903 | Elf:3    | Entered Level 3 of the Elven Halls
 22912 | Elf:3    | Reached XP level 22. HP: 135/135 MP: 36/36
 23000 | Elf:3    | Found a magical portal.
 23018 | WizLab   | Entered The Roulette of Golubria
 23018 | WizLab   | Found a transporter.
 23026 | WizLab   | Found a corrupted altar of Lugonu.
 23049 | WizLab   | Found a transporter.
 23108 | WizLab   | Found a transporter.
 23126 | WizLab   | Found a transporter.
 23145 | WizLab   | Found a transporter.
 23191 | WizLab   | Found a transporter.
 23289 | WizLab   | Found a transporter.
 23289 | WizLab   | Found a transporter.
 23333 | WizLab   | Found a corrupted altar of Lugonu.
 23337 | WizLab   | Found a transporter.
 23402 | WizLab   | Found a transporter.
 23470 | WizLab   | Found a transporter.
 23515 | WizLab   | Found a transporter.
 23532 | WizLab   | Found a transporter.
 23560 | WizLab   | Found a transporter.
 23560 | WizLab   | Found a transporter.
 23581 | WizLab   | Found a transporter.
 23616 | WizLab   | Found a transporter.
 23616 | WizLab   | Found a transporter.
 23633 | WizLab   | Identified the Almanac of Translocation
 23733 | Elf:3    | Reached skill level 1 in Translocations
 23790 | Elf:3    | Found Ciedou's Weapon Boutique.
 23917 | Elf:3    | Identified Sif Muna's Reference Book on the Volcanoes and
                  | Unholy Secrets
 23930 | Elf:3    | Identified the +4 broad axe "Nouffynn" {freeze, Int+3
                  | Stlth+}
 23935 | Elf:3    | Identified the +0 leather armour of Ashenzari's Envy {MP+9}
 23936 | Elf:3    | Found the +7 captain's cutlass {speed, disarm}
 23954 | Elf:3    | Found the +15 Maxwell's patent armour {-Cast -Tele rElec
                  | MR+ rCorr}
 24042 | Elf:3    | Identified Sif Muna's Handbook of Air and Creation
 24438 | Vaults:1 | Entered Level 1 of the Vaults
 24453 | Vaults:1 | Reached skill level 5 in Translocations
 24666 | Vaults:1 | You fall into a shaft and drop 1 floor!
 24745 | Vaults:2 | Learned a level 1 spell: Apportation
 24791 | Vaults:2 | Identified the amulet "Dyczanah" {Spirit *Contam +Fly rElec
                  | rF+++ Dex-4} (You acquired it on level 2 of the Vaults)
 24853 | Vaults:3 | Reached skill level 5 in Summonings
 24863 | Vaults:3 | Noticed Margery
 24872 | Vaults:3 | Killed Margery
 24872 | Vaults:3 | Reached XP level 23. HP: 139/139 MP: 38/38
 25104 | Vaults:3 | Found a staircase to the Crypt.
 25109 | Crypt:1  | Entered Level 1 of the Crypt
 25209 | Crypt:3  | Entered Level 3 of the Crypt
 25293 | Crypt:3  | Noticed Sojobo
 25298 | Crypt:3  | Killed Sojobo
 25340 | Crypt:3  | Found a basalt altar of Yredelemnul.
 25440 | Crypt:3  | Noticed Xtahua
 25444 | Crypt:3  | Killed Xtahua
 25794 | Crypt:3  | Learned a level 7 spell: Malign Gateway
 25832 | Crypt:3  | Found a staircase to the Tomb.
 25832 | Crypt:3  | Noticed Khufu
 25839 | Crypt:3  | Killed Khufu
 25839 | Crypt:3  | Reached XP level 24. HP: 125/144 MP: 40/40
 25844 | Crypt:3  | Found the +7 sceptre of Torment {pain, torment}
 25877 | Crypt:3  | Got a fine iron amulet
 25878 | Crypt:3  | Identified the amulet of the Foremost Princes {Fragile +Fly
                  | rPois rC+ Regen+ SInv} (You found it on level 3 of the
                  | Crypt)
 25885 | Crypt:3  | Got a vibrating lapis lazuli ring
 25885 | Crypt:3  | Got a slimy bronze ring
 25886 | Crypt:3  | Identified the ring "Xachelar" {rPois rN+ Dex+7} (You found
                  | it on level 3 of the Crypt)
 25887 | Crypt:3  | Identified the ring of Fideklae {rN+ Str+4} (You found it
                  | on level 3 of the Crypt)
 26180 | Vaults:4 | Reached skill level 20 in Shields
 26419 | Vaults:5 | Entered Level 5 of the Vaults
 26477 | Vaults:5 | Reached skill level 10 in Translocations
 26488 | Vaults:5 | Noticed Jory
 26501 | Vaults:5 | Killed Jory
 26508 | Vaults:5 | Noticed an ancient lich
 26512 | Vaults:5 | Killed an ancient lich
 26751 | Vaults:5 | Identified the Tome of the Fetching Birds
 26761 | Vaults:5 | Got a silver rune of Zot
 26796 | Vaults:5 | Reached XP level 25. HP: 149/149 MP: 41/41
 26799 | Vaults:5 | Identified Maynk's Volume of Sinister Beguiling
 27081 | Vaults:5 | Identified the ring of Beauty {rC+ Str+3}
 27144 | Vaults:5 | Noticed Saint Roka
 27158 | Vaults:5 | Killed Saint Roka
 27197 | Vaults:5 | Identified the +5 spear of Ahuuvu {elec, rN+}
 27223 | Vaults:5 | Identified the Tome of Feathery Curses
 27315 | Vaults:5 | Noticed an ancient lich
 27320 | Vaults:5 | Killed an ancient lich
 27768 | Hell     | Entered the Vestibule of Hell
 27768 | Hell     | Noticed Geryon
 27773 | Hell     | Reached skill level 15 in Spellcasting
 27781 | Hell     | Noticed Murray
 27790 | Hell     | Killed Murray
 27792 | Hell     | Killed Geryon
 27797 | Hell     | Found a gateway to the freezing wastes of Cocytus.
 27843 | Hell     | Learned a level 5 spell: Aura of Abjuration
 27857 | Hell     | Found a gateway to the decaying netherworld of Tartarus.
 27866 | Tar:1    | Entered Level 1 of Tartarus
 27877 | Tar:2    | Reached skill level 10 in Summonings
 27896 | Tar:2    | Reached XP level 26. HP: 154/154 MP: 42/42
 28377 | Tar:3    | You fall into a shaft and drop 1 floor!
 28445 | Tar:4    | Reached skill level 21 in Shields
 28784 | Tar:7    | Entered Level 7 of Tartarus
 28802 | Tar:7    | Reached XP level 27. HP: 72/160 MP: 33/43
 28810 | Tar:7    | Learned a level 6 spell: Darkness
 28920 | Tar:7    | Reached skill level 5 in Hexes
 28988 | Tar:7    | Cast into level 3 of the Abyss (reaper)
 28988 | Abyss:3  | Found a corrupted altar of Lugonu.
 29207 | Abyss:4  | Found a corrupted altar of Lugonu.
 29237 | Abyss:4  | Gained mutation: Your magical capacity is low. (-10% MP) [a
                  | neqoxec]
 29305 | Abyss:4  | Found a corrupted altar of Lugonu.
 29307 | Abyss:4  | Got an abyssal rune of Zot
 29357 | Tar:7    | Escaped the Abyss
 29531 | Tar:7    | Found the cursed necklace of Bloodlust {*Rage +Rage MR++
                  | Int-3 Slay+6 *Curse}
 29567 | Tar:7    | Reached skill level 15 in Dodging
 30307 | Tar:7    | Found the +8 arc blade {discharge, rElec}
 30328 | Tar:7    | Found the +1 cloak of Starlight {rElec rC+ EV+4 Stlth--}
 30341 | Tar:7    | Reached skill level 22 in Shields
 30356 | Tar:7    | Got an ancient emerald amulet
 30357 | Tar:7    | Identified the amulet of Xadghon {RegenMP +Blink MR++} (You
                  | found it on level 7 of Tartarus)
 30358 | Tar:7    | Identified the Disquisition on Hurtful Weightlessness
 30372 | Tar:7    | Identified Akiuran's Tome of Glacial Confrontation
 31177 | Tar:7    | Noticed Ereshkigal
 31190 | Tar:7    | Killed Ereshkigal
 31195 | Tar:7    | Got a bone rune of Zot
 31308 | Hell     | Found a gateway to the ashen valley of Gehenna.
 31317 | Geh:1    | Entered Level 1 of Gehenna
 31414 | Geh:2    | Reached skill level 10 in Hexes
 31548 | Geh:3    | You fall into a shaft and drop 3 floors!
 31793 | Geh:7    | Entered Level 7 of Gehenna
 31844 | Geh:7    | Reached skill level 15 in Fighting
 31971 | Geh:7    | Identified the ring "Icvauh" {Ice Int+4}
 31993 | Geh:7    | HP: 6/217 [Brimstone Fiend/damnation (40)]
 31996 | Geh:7    | Identified the +7 broad axe "Johatz" {vorpal, +Inv rN+}
 32012 | Geh:7    | HP: 5/218 [something (21)]
 32267 | Geh:7    | Learned a level 9 spell: Tornado
 32298 | Geh:7    | Reached skill level 1 in Air Magic
 32306 | Geh:7    | Identified the +7 sceptre of Asmodeus
 32306 | Geh:7    | Noticed Asmodeus
 32322 | Geh:7    | Killed Asmodeus
 32328 | Geh:7    | Got a heavily runed granite ring
 32329 | Geh:7    | Identified the ring "Zunnue" {Dex+3 Stlth-} (You found it
                  | on level 7 of Gehenna)
 32335 | Geh:7    | Got an obsidian rune of Zot
 32534 | Hell     | Found a gateway to the Iron City of Dis.
 32539 | Dis:1    | Entered Level 1 of the Iron City of Dis
 32743 | Dis:1    | Reached skill level 5 in Air Magic
 32986 | Dis:1    | You fall into a shaft and drop 1 floor!
 33061 | Dis:4    | Reached skill level 23 in Shields
 33066 | Dis:4    | You fall into a shaft and drop 2 floors!
 33354 | Dis:6    | You fall into a shaft and drop 1 floor!
 33354 | Dis:7    | Entered Level 7 of the Iron City of Dis
 33379 | Dis:7    | Got a heavily runed tin ring
 33380 | Dis:7    | Identified the ring of Lilacs {rPois Int+2} (You found it
                  | on level 7 of the Iron City of Dis)
 33499 | Dis:7    | Found the cursed +13 scythe of Curses {drain, *Curse}
 33552 | Dis:7    | Got a pitted tin ring
 33556 | Dis:7    | Identified the ring "Huse" {rF+ MR+ AC+3 Str+5 Dex-5} (You
                  | found it on level 7 of the Iron City of Dis)
 33743 | Dis:7    | Identified the +4 staff of Dispater
 33743 | Dis:7    | Noticed Dispater
 33749 | Dis:7    | Killed Dispater
 33810 | Dis:7    | Got a coiled copper ring
 33812 | Dis:7    | Identified the ring of Equivalence {rN+ Str-4 Int+4 Dex+3}
                  | (You found it on level 7 of the Iron City of Dis)
 33818 | Dis:7    | Got an iron rune of Zot
 33822 | Dis:7    | Got a pitted iron ring
 33823 | Dis:7    | Identified the ring of Qaolo {Str+3 Stlth+} (You found it
                  | on level 7 of the Iron City of Dis)
 33852 | Dis:7    | Reached skill level 10 in Air Magic
 33856 | Dis:7    | HP: 1/222 [something (98)]
 34053 | Coc:1    | Entered Level 1 of Cocytus
 34587 | Coc:7    | Entered Level 7 of Cocytus
 34997 | Coc:7    | Noticed Antaeus
 35117 | Coc:7    | Killed Antaeus
 35149 | Coc:7    | Got an icy rune of Zot
 35200 | Hell     | Reached skill level 15 in Air Magic
 35518 | Pan      | Entered Pandemonium
 35545 | Pan      | Noticed Impexap the pandemonium lord
 35554 | Pan      | Killed Impexap the pandemonium lord
 35710 | Pan      | Noticed Letustr Kech the pandemonium lord
 35716 | Pan      | Killed Letustr Kech the pandemonium lord
 35854 | Pan      | Noticed Hureik the pandemonium lord
 35862 | Pan      | Killed Hureik the pandemonium lord
 36038 | Pan      | Found an exit through the horrors of the Abyss.
 36208 | Pan      | Noticed Baguufig the pandemonium lord
 36215 | Pan      | Found a runed translucent door.
 36227 | Pan      | Got a demonic rune of Zot
 36238 | Pan      | Killed Baguufig the pandemonium lord
 36382 | Pan      | Noticed Kuupsuxa the pandemonium lord
 36395 | Pan      | Killed Kuupsuxa the pandemonium lord
 36407 | Pan      | Entered the realm of Mnoleg.
 36467 | Pan      | Gained mutation: Your body sometimes deteriorates upon
                  | taking damage. [a neqoxec]
 36576 | Pan      | Gained mutation: You are very frail. (-20% HP) [a neqoxec]
 36577 | Pan      | Noticed Mnoleg
 36595 | Pan      | Paralysed by a floating eye for 4 turns
 36602 | Pan      | Killed Mnoleg
 36647 | Pan      | Lost mutation: You are very frail. (-20% HP) [a neqoxec]
 36669 | Pan      | Got a glowing rune of Zot
 36785 | Pan      | Noticed Rerioch the pandemonium lord
 36796 | Pan      | Killed Rerioch the pandemonium lord
 36829 | Depths:3 | Escaped Pandemonium
 36831 | Pan      | Entered the realm of Lom Lobon.
 36831 | Pan      | Entered Pandemonium
 37002 | Pan      | Noticed Lom Lobon
 37012 | Pan      | HP: 10/223 [Lom Lobon/great icy blast (27)]
 37015 | Pan      | HP: 2/223 [titan/the air (23)]
 37016 | Pan      | Killed from afar by a titan

Levels and vault maps discovered:
D:1:      dpeg_arrival_lava_temple_mockup, layout_basic
D:2:      layout_loops_ring, first_ration, chequers_ecumenical_altar_simple,
          uniq_terence
D:3:      layout_basic, cheibrodos_sewer_entry_bend, dk_noncrumbling_3
D:4:      layout_loops_ring, cheibriados_altar_1, serial_shops, shop, shop,
          shop_coins, uniq_grinder
D:5:      layout_layer_cave, enter_ossuary_2, trog_three_pillars_becter
D:6:      layout_basic, nicolae_overflow_crystal_walls,
          grunt_temple_overflow_open
D:7:      layout_basic, nemelex_xobeh_ov_fountains_minmay,
          kennysheep_little_box, minmay_temple_entry_glass, serial_shops,
          nicolae_shop_stone, shop, shop, shop, nicolae_shop_behind_doors,
          grunt_ministairs_12
D:8:      layout_basic, lair_entry_dummy, serial_shops, shop, the_bakery,
          uniq_pikel, uniq_erica
D:9:      layout_basic, uniq_erolcha
D:10:     minmay_inner_zag, layout_gridville, david_orc_5,
          minmay_misc_feat_more_columns, minmay_misc_feat_doors, uniq_grum,
          uniq_joseph
D:11:     layout_grid_maze, serial_shops, kennysheep_mini_moat
D:12:     layout_cave_pools, chequers_avenue
D:13:     layout_layer_cave, serial_shops, nicolae_shop_overgrown_old_shop
D:14:     layout_roguey [special_room_mythical_zoo], erik_vaults_1,
          hangedman_abyss_or_decor_clamps, david_defended_altar_elf
D:15:     hangedman_depths_entry_civil_slaughter, layout_long_grid,
          lemuel_blue_sif_altar, gammafunk_ghost_mausoleum, basic_altar,
          uniq_josephine
Lair:1:   dpeg_oklob_gauntlet, layout_loops_ring, minivault_23,
          serial_bayou_lagoon_a
Lair:2:   layout_chaotic_city, spider_nest_entry_a, serial_forest,
          infiniplex_forest_straight_2, infiniplex_forest_clump_cross,
          infiniplex_forest_lined_corner, infiniplex_forest_straight_1,
          chequers_serial_rivers_room_a, minmay_lair_oklob_chamber,
          serial_bayou_shore_b
Lair:3:   layout_long_grid, minmay_shoals_entry_hut, ebering_ghost_rock_garden,
          chequers_serial_rivers_micro_a, grunt_megastairs_4
Lair:4:   layout_loops_ring
Lair:5:   layout_roguey, minmay_slime_entry_pillars
Lair:6:   cheibrodos_lair_end_hotspot, layout_layer_cave
Shoals:1: layout_shoals, lemuel_altar_in_water
Shoals:2: layout_shoals, uniq_ilsuiw
Shoals:3: layout_shoals, serial_shops, shop, shop_coins,
          nicolae_shop_window_shopping, nicolae_shoals_hunting_party
Shoals:4: shoals_end_hangedman, layout_shoals, nicolae_shoals_mertower
Spider:1: layout_spider_delve, uniq_louise
Spider:2: layout_spider_delve, uniq_roxanne
Spider:3: layout_spider_delve, uniq_arachne
Spider:4: grunt_spider_rune_circles, uniq_bai_suzhen, uniq_donald
Slime:1:  layout_caves
Slime:2:  layout_caves, cheibrodos_slime_lost_civilization_7
Slime:3:  layout_caves
Slime:4:  layout_caves, cheibrodos_slime_lost_civilization_5, uniq_dissolution
Slime:5
Orc:1:    layout_caves
Orc:2:    grunt_orc_gardens, layout_caves, grunt_orc_garden, grunt_orc_garden,
          grunt_orc_garden, grunt_orc_garden, basic_altar
Elf:1:    layout_loops_corners, hangedman_elf_represent,
          minmay_misc_feat_diagonals, minmay_fountain_box
Elf:2:    layout_geoelf_diagonals, serial_shops, statue_bzr, minmay_shop_grove
Elf:3:    grunt_elf_hall_asides, layout_geoelf_grid, mu_enter_wizlab_1,
          serial_shops, shop_fountains
Vaults:1: hangedman_vaults_slice, ontoclasm_vaults_pinch, vaults_dpeg_hooks,
          nicolae_vaults_windows_and_doors_thing, v_misc_30, v_misc_14,
          nicolae_vaults_little_ls, nicolae_vaults_diagonal_hallway_8,
          vaults_room_fours, layout_vaults_omnigrid, basic_altar, serial_shops,
          shop
Vaults:2: vaults_standard_mumra_x, vaults_dpeg_ring, v_pattern_1,
          ontoclasm_vaults_eye, nicolae_vaults_good_morning_starshine,
          v_misc_25, vaults_room_corners, ontoclasm_vaults_idyll,
          nicolae_vaults_asterisk, v_alt_pattern_1,
          nicolae_vaults_specimen_jars, vaults_mumra_minichess,
          vaults_room_hallway, grunt_vaults_focal, layout_vaults_omnibox
Vaults:3: hangedman_vaults_stagger, ontoclasm_vaults_gateway,
          hangedman_vaults_trim, v_alt_pattern_4, minmay_crypt_entry_simple_box,
          v_pattern_3, nicolae_vaults_three_branches, vaults_mumra_lcd,
          vaults_room_pools, v_misc_8, v_misc_14, layout_vaults_chaotic_city,
          serial_shops, shop, uniq_margery, uniq_nikola
Vaults:4: nicolae_vaults_ninety_degrees, v_misc_4, v_misc_2,
          nicolae_vaults_hallways_thing, vaults_room_ringed_pool,
          nicolae_vaults_network_star, nicolae_vaults_network_barrier,
          dpeg_vaults_monster_box, layout_vaults_omnicross
Vaults:5: serial_shops, uniq_saint_roka, uniq_jory
Crypt:1:  layout_regular_city, basic_altar, uniq_mennas
Crypt:2:  layout_regular_city, serial_sigils_hangedman_clutch,
          minmay_guarded_unrand_vampires_tooth
Crypt:3:  grunt_crypt_end_deaths_head, uniq_xtahua, uniq_sojobo
Depths:1: layout_big_octagon, enter_ziggurat_a, ebering_ghost_rock_garden,
          pf_coc_iceberg, minmay_misc_feat_roman,
          hangedman_abyss_or_decor_slice, kennysheep_nub, tso_metal_star
Depths:2: radiant_caverns_a_rkd, hell_entry, uniq_mara
Depths:3: nooodl_glass_maze, layout_gridlike, hangedman_geh_valley,
          chequers_serial_rivers_large_a, rand_demon_pan_entry_5,
          uniq_enchantress
Depths:4: minmay_the_grid_triangle_9x9_recursive_2_mashed
          [minmay_the_grid_triangle_9x9_prize_top_heavy,
          minmay_the_grid_triangle_9x9_tough_junction,
          minmay_the_grid_triangle_9x9_fully_insulated_deathbox,
          minmay_the_grid_triangle_9x9_flanged_cone], layout_honeycomb,
          abyss_entry, rand_demon_pan_entry_8, hell_entry,
          kennysheep_decorative_pillar
Depths:5: grunt_zot_entry_alcove, layout_basic, hell_entry, hangedman_decor_push
Hell
Dis:1:    layout_regular_city
Dis:2:    layout_chaotic_city
Dis:3:    layout_regular_city
Dis:4:    layout_subdivisions
Dis:6:    layout_regular_city
Dis:7:    iron_city_of_dis [dis_mu, dis_wall_1], layout_chaotic_city
Geh:1:    layout_gehenna_pools_triple
Geh:2:    layout_gehenna_pools_box
Geh:3:    layout_gehenna_lava_caves
Geh:6:    layout_gehenna_lava_caves
Geh:7:    geh_grunt_pentagon
Coc:1:    layout_cocytus_water_paths
Coc:2:    layout_cocytus_water_paths, serial_ice
Coc:3:    layout_ice_bergs
Coc:4:    layout_ice_bergs
Coc:5:    layout_ice_bergs
Coc:6:    layout_ice_bergs
Coc:7:    coc_dpeg
Tar:1:    layout_honeycomb, evilmike_ambush [evilmike_ambush_outer_basic,
          evilmike_ambush_inner_basic]
Tar:2:    layout_grid_maze
Tar:3:    layout_grid_maze
Tar:4:    grunt_deathspiral_small, layout_cathedral_of_symmetry,
          nicolae_tar_cuneiform_three
Tar:5:    layout_catacombs, nicolae_tar_cuneiform_to_be, grunt_megastairs_1
Tar:6:    layout_grid_maze
Tar:7:    tar_mu [tar_mu_maze]
Pan:      rand_demon_2, layout_irregular_city, rand_demon_4,
          layout_pan_divisions_a [pan_division_quadrant_a6,
          pan_division_quadrant_a5, pan_division_quadrant_a3,
          pan_division_quadrant_a1, pan_division_octagon_divided],
          evilmike_mini_pan_layers, layout_pan_divisions_a
          [pan_division_quadrant_a6, pan_division_quadrant_a4,
          pan_division_quadrant_a3, pan_division_quadrant_a2,
          pan_division_octagon_box], evilmike_mini_pan_pillars_b,
          layout_long_grid, nicolae_pan_lom_lobonic_3,
          evilmike_mini_pan_branches, layout_gridlike, pan_blood_fountain,
          regret_index_pan_draining_boxed, layout_gridlike,
          pan_blood_fountain_small, grunt_pan_in_and_out, layout_chambers,
          mnoleg_grunt, layout_gridlike, nicolae_pan_lom_lobonic_4,
          nicolae_pan_sigil_uleosi, nicolae_pan_strange_glyphs
          [nicolae_pan_strange_glyph_schadenfreude,
          nicolae_pan_strange_glyph_despair, nicolae_pan_strange_glyph_disgust],
          rand_demon_8, layout_onion_city, evilmike_mini_pan_T, layout_gridlike,
          pan_blood_fountain, nicolae_pan_gloorx_vloqian_1,
          lom_lobon_grunt_wind_tunnels, layout_onion_city,
          reaverb_pan_chaos_star

Skill      XL: |  1  2  3  4  5  6  7  8  9 10 11 12 13 14 15 16 17 18 19 20 21 22 23 24 25 26 27 |
---------------+----------------------------------------------------------------------------------+-----
Polearms       | 3 4 5 6 |  6.0
Unarmed Combat | 1 2 4 5 7 8 9 10 12 13 14 15 17 19 20 | 20.0
Fighting       | 4 5 6 7 8 9 10 11 12 17 | 17.0
Shields        | 4 5 6 7 8 9 10 11 12 13 14 15 17 19 20 21 23 | 23.6
Dodging        | 4 5 6 7 8 9 10 11 12 14 18 | 18.3
Invocations    | 3 6 7 10 12 13 | 13.8
Stealth        | 3 5 8 |  8.0
Transmutations | 3 6 8 11 | 11.1
Evocations     | 2 4 6 7 9 |  9.1
Necromancy     | 1 2 3 4 |  4.3
Spellcasting   | 2 5 6 8 9 10 11 13 14 15 16 22 | 22.0
Earth Magic    | 2 5 9 12 | 12.0
Hexes          | 4 11 | 11.0
Summonings     | 1 2 5 6 8 10 | 10.8
Translocations | 6 8 11 13 14 | 14.1
Air Magic      | 21 | 21.7

Action                   |  1- 3 |  4- 6 |  7- 9 | 10-12 | 13-15 | 16-18 | 19-21 | 22-24 | 25-27 || total
-------------------------+-------+-------+-------+-------+-------+-------+-------+-------+-------++-------
Melee: Trident           |    66 |   137 |   187 |   361 |   304 |       |       |       |       ||  1055
       Constrict         |    12 |    37 |    53 |    40 |   109 |    45 |   117 |   177 |   454 ||  1044
       Tentacles         |     4 |    36 |    58 |   114 |   270 |   164 |   214 |   273 |   863 ||  1996
       Punch             |       |       |    11 |    40 |   116 |    53 |   124 |   147 |   749 ||  1240
       Unarmed           |       |       |       |       |   422 |   435 |   715 |   787 |  2846 ||  5205
Throw: Boomerang         |       |       |       |     7 |     3 |       |       |       |       ||    10
 Cast: Animate Skeleton  |       |       |       |     9 |    90 |     9 |     4 |       |       ||   112
       Sticks to Snakes  |       |       |       |       |    15 |       |       |       |       ||    15
       Statue Form       |       |       |       |       |    12 |    40 |    70 |    64 |   200 ||   386
       Animate Dead      |       |       |       |       |    10 |    15 |    34 |     7 |    21 ||    87
       Inner Flame       |       |       |       |       |     6 |       |       |       |       ||     6
       Summon Lightning  |       |       |       |       |       |     4 |     7 |     5 |     9 ||    25
       Passwall          |       |       |       |       |       |     1 |       |       |     5 ||     6
       Summon Forest     |       |       |       |       |       |       |     6 |     5 |    34 ||    45
       Apportation       |       |       |       |       |       |       |       |    24 |    17 ||    41
       Passage of Golubr |       |       |       |       |       |       |       |    11 |    23 ||    34
       Malign Gateway    |       |       |       |       |       |       |       |       |    38 ||    38
       Blink             |       |       |       |       |       |       |       |       |     7 ||     7
       Summon Mana Viper |       |       |       |       |       |       |       |       |     2 ||     2
       Aura of Abjuratio |       |       |       |       |       |       |       |       |     6 ||     6
       Summon Small Mamm |       |       |       |       |       |       |       |       |     1 ||     1
       Tornado           |       |       |       |       |       |       |       |       |     1 ||     1
Invok: Slouch            |       |       |     1 |    11 |    16 |    14 |    15 |     1 |    42 ||   100
       Temporal Distorti |       |       |       |     6 |     8 |     2 |     1 |     1 |    10 ||    28
       Step From Time    |       |       |       |       |       |       |       |       |     3 ||     3
 Abil: End Transformatio |       |       |       |       |       |     1 |       |       |       ||     1
       Evoke Flight      |       |       |       |       |       |       |       |       |    15 ||    15
Evoke: Wand              |       |       |     4 |    19 |    19 |     1 |     2 |     4 |    16 ||    65
       Phantom mirror    |       |       |       |       |       |       |       |       |     4 ||     4
       Box of beasts     |       |       |       |       |       |       |       |       |     3 ||     3
  Use: Scroll            |       |     6 |     7 |    15 |     8 |     6 |     9 |     7 |    21 ||    79
       Potion            |       |     4 |       |     4 |    15 |     3 |     2 |     2 |    30 ||    60
 Stab: Distracted        |     1 |       |     1 |     5 |    12 |     4 |     5 |     8 |    29 ||    65
       Sleeping          |     4 |    21 |    14 |    25 |    41 |     5 |    14 |    11 |    20 ||   155
       Paralysed         |       |       |       |       |     8 |       |       |       |     1 ||     9
       Confused          |       |       |       |       |       |       |     1 |       |       ||     1
  Eat: Chunk             |       |     1 |     2 |    10 |    21 |     5 |     9 |     4 |     2 ||    54
       Ration            |       |       |     1 |     2 |     1 |     4 |     5 |     4 |    14 ||    31
Armor: Skin              |     7 |    12 |     4 |     6 |    39 |   149 |   249 |   157 |   546 ||  1169
Dodge: Dodged            |    28 |    34 |    39 |   146 |   341 |   351 |   867 |   578 |  2504 ||  4888
Block: Kite shield       |    21 |    43 |    63 |   180 |   415 |   159 |       |       |       ||   881
       Buckler           |       |       |       |       |    30 |   103 |       |       |       ||   133
       Tower shield      |       |       |       |       |       |    50 |  1491 |  1529 |  5465 ||  8535
       Reflection        |       |       |       |       |       |       |    42 |       |       ||    42

Table legend:
 A = Non-vault XP
 B = Vault XP
 C = Vault XP percentage of total XP
 D = Non-vault monster count
 E = Vault monster count
 F = Vault count percentage of total count
                 A         B        C        D         E       F
            +---------+---------+-------+---------+---------+-------
      Total | 1283935 | 1174225 |  47.8 |    2315 |    1217 |  34.5
            +---------+---------+-------+---------+---------+-------
        D:1 |      31 |       0 |   0.0 |      20 |       0 |   0.0
        D:2 |      78 |      38 |  32.8 |      20 |       1 |   4.8
        D:3 |      62 |      10 |  13.9 |      26 |       2 |   7.1
        D:4 |     334 |     300 |  47.3 |      13 |       1 |   7.1
        D:5 |     532 |       0 |   0.0 |      17 |       0 |   0.0
        D:6 |     202 |       0 |   0.0 |       7 |       0 |   0.0
        D:7 |     969 |       0 |   0.0 |      26 |       0 |   0.0
        D:8 |    1075 |    1573 |  59.4 |      19 |       2 |   9.5
        D:9 |    1600 |    1032 |  39.2 |      26 |       1 |   3.7
       D:10 |    4568 |    3312 |  42.0 |      26 |      28 |  51.9
       D:11 |    2445 |       0 |   0.0 |      19 |       0 |   0.0
       D:12 |    4102 |       0 |   0.0 |      28 |       0 |   0.0
       D:13 |    6955 |       0 |   0.0 |      16 |       0 |   0.0
       D:14 |   10591 |    9588 |  47.5 |      38 |      32 |  45.7
       D:15 |   12028 |   10259 |  46.0 |      29 |      20 |  40.8
     Lair:1 |    3422 |     577 |  14.4 |      19 |       2 |   9.5
     Lair:2 |    3081 |     477 |  13.4 |      15 |       2 |  11.8
     Lair:3 |    4129 |     856 |  17.2 |      15 |       4 |  21.1
     Lair:4 |    3498 |       0 |   0.0 |      15 |       0 |   0.0
     Lair:5 |    3984 |     538 |  11.9 |      23 |       4 |  14.8
     Lair:6 |    3849 |    6842 |  64.0 |       9 |      23 |  71.9
   Shoals:1 |     981 |       0 |   0.0 |       1 |       0 |   0.0
   Shoals:2 |   11375 |       0 |   0.0 |      27 |       0 |   0.0
   Shoals:3 |   13263 |    2238 |  14.4 |      28 |       2 |   6.7
   Shoals:4 |    7789 |   16316 |  67.7 |      19 |      26 |  57.8
   Spider:1 |    6617 |    1591 |  19.4 |      22 |       1 |   4.3
   Spider:2 |   12036 |    1963 |  14.0 |      41 |       1 |   2.4
   Spider:3 |   14534 |    2698 |  15.7 |      47 |       1 |   2.1
   Spider:4 |    9488 |   23943 |  71.6 |      22 |      37 |  62.7
    Slime:1 |    3919 |       0 |   0.0 |       6 |       0 |   0.0
    Slime:2 |    7576 |    3726 |  33.0 |      14 |       3 |  17.6
    Slime:3 |   23891 |       0 |   0.0 |      44 |       0 |   0.0
    Slime:4 |    1006 |       0 |   0.0 |       1 |       0 |   0.0
    Slime:5 |    6024 |   28719 |  82.7 |       8 |      14 |  63.6
      Orc:1 |    1460 |    2320 |  61.4 |      19 |       7 |  26.9
      Orc:2 |    2433 |    8730 |  78.2 |      28 |      20 |  41.7
      Elf:1 |    7606 |       0 |   0.0 |      12 |       0 |   0.0
      Elf:2 |    5701 |     485 |   7.8 |      10 |       1 |   9.1
      Elf:3 |   17287 |   43748 |  71.7 |      24 |      29 |  54.7
   Vaults:1 |   22570 |    9419 |  29.4 |      40 |      14 |  25.9
   Vaults:2 |    7102 |     826 |  10.4 |      10 |       3 |  23.1
   Vaults:3 |    8895 |   21539 |  70.8 |      13 |      20 |  60.6
   Vaults:4 |   14818 |   24584 |  62.4 |      18 |      30 |  62.5
   Vaults:5 |   19725 |  132240 |  87.0 |      26 |      82 |  75.9
    Crypt:1 |    5561 |       0 |   0.0 |      11 |       0 |   0.0
    Crypt:2 |    5726 |    8022 |  58.4 |       9 |       6 |  40.0
    Crypt:3 |       0 |   90111 | 100.0 |       0 |     118 | 100.0
   Depths:1 |   30575 |    1419 |   4.4 |      38 |       1 |   2.6
   Depths:2 |    2326 |   78739 |  97.1 |       2 |     101 |  98.1
   Depths:3 |   23221 |   20401 |  46.8 |      28 |      18 |  39.1
   Depths:4 |   39114 |   45678 |  53.9 |      44 |      31 |  41.3
   Depths:5 |   11349 |   23386 |  67.3 |      12 |      15 |  55.6
       Hell |   27850 |   30595 |  52.3 |      45 |      51 |  53.1
      Dis:1 |   42661 |       0 |   0.0 |      78 |       0 |   0.0
      Dis:2 |    5387 |       0 |   0.0 |      12 |       0 |   0.0
      Dis:4 |    8750 |       0 |   0.0 |       4 |       0 |   0.0
      Dis:6 |   35601 |       0 |   0.0 |      48 |       0 |   0.0
      Dis:7 |   54170 |   96412 |  64.0 |      75 |      57 |  43.2
      Geh:1 |    5624 |       0 |   0.0 |      20 |       0 |   0.0
      Geh:2 |   12068 |       0 |   0.0 |      27 |       0 |   0.0
      Geh:3 |   12879 |       0 |   0.0 |      22 |       0 |   0.0
      Geh:6 |   17409 |       0 |   0.0 |      59 |       0 |   0.0
      Geh:7 |   80833 |   46008 |  36.3 |     128 |      35 |  21.5
      Coc:1 |   11591 |       0 |   0.0 |      25 |       0 |   0.0
      Coc:2 |   28819 |       0 |   0.0 |      53 |       0 |   0.0
      Coc:3 |    5167 |       0 |   0.0 |       7 |       0 |   0.0
      Coc:4 |     761 |       0 |   0.0 |       1 |       0 |   0.0
      Coc:5 |    8352 |       0 |   0.0 |      15 |       0 |   0.0
      Coc:6 |    7911 |       0 |   0.0 |      21 |       0 |   0.0
      Coc:7 |   54367 |   53738 |  49.7 |      88 |      33 |  27.3
      Tar:2 |   65885 |       0 |   0.0 |      70 |       0 |   0.0
      Tar:3 |    9683 |       0 |   0.0 |      16 |       0 |   0.0
      Tar:4 |   10359 |   20328 |  66.2 |      30 |      24 |  44.4
      Tar:5 |   11504 |       0 |   0.0 |      16 |       0 |   0.0
      Tar:6 |   14811 |       0 |   0.0 |      20 |       0 |   0.0
      Tar:7 |  212829 |  117270 |  35.5 |     210 |      78 |  27.1
    Abyss:3 |    9819 |       0 |   0.0 |      16 |       0 |   0.0
    Abyss:4 |    7495 |   17178 |  69.6 |      15 |      12 |  44.4
        Pan |  109847 |  149316 |  57.6 |     144 |     132 |  47.8
      Sewer |       0 |     127 | 100.0 |       0 |      29 | 100.0
    Ossuary |       0 |     459 | 100.0 |       0 |      31 | 100.0
     WizLab |       0 |   14551 | 100.0 |       0 |      32 | 100.0
            +---------+---------+-------+---------+---------+-------
